PA
SOUTH BEACH BLAZE @ GWINNETT COUNTY BLACK CATS
09/08/2027
 
TOP OF THE 1ST
South Beach Blaze batting - Pitching for Gwinnett County Black Cats : RHP Kyuichi Hori
Pitching: RHP Kyuichi Hori
Batting: RHB Raúl Chávez 0-0: Called Strike
0-1: Fly out, F3 (Flyball, 34D)
Batting: RHB Bastiaan Trommel 0-0: SINGLE (Groundball, 6MD)
Batting: RHB Martinus Xhaka 0-0: Called Strike
0-1: Swinging Strike
0-2: Ball
1-2: Ball
2-2: Ball
3-2: Strikes out swinging
Batting: RHB Stanley van de Ven 0-0: Called Strike
0-1: Swinging Strike
0-2: Foul Ball, location: 2F
0-2: Ball
1-2: Strikes out looking
Top of the 1st over - 0 run(s), 1 hit(s), 0 error(s), 1 left on base; South Beach 0 - Gwinnett County 0
BOTTOM OF THE 1ST
Gwinnett County Black Cats batting - Pitching for South Beach Blaze : RHP Héctor Tista
Pitching: RHP Héctor Tista
Batting: RHB Sidney Mackell 0-0: Bunted foul
0-1: Called Strike
0-2: Ball
1-2: Ball
2-2: Strikes out swinging
Batting: RHB Scott McMahon 0-0: Ball
1-0: SINGLE (Line Drive, 89M)
Batting: LHB Darrell Woodmansee 0-0: Foul Ball, location: 2F
0-1: Ball
1-1: Fly out, F4 (Line Drive, 4)
Batting: SHB Raúl Rodríguez Pickoff Throw to First - Out!
Bottom of the 1st over - 0 run(s), 1 hit(s), 0 error(s), 0 left on base; South Beach 0 - Gwinnett County 0
TOP OF THE 2ND
South Beach Blaze batting - Pitching for Gwinnett County Black Cats : RHP Kyuichi Hori
Batting: RHB António Ramírez 0-0: Called Strike
0-1: Swinging Strike
0-2: Ball
1-2: Fly out, F9 (Flyball, 9S)
Batting: RHB Shizuo Heiwajaima 0-0: Called Strike
0-1: Ball
1-1: Foul Ball, location: 2F
1-2: Strikes out swinging
Batting: RHB Omer Yurtseven 0-0: Called Strike
0-1: Ball
1-1: Swinging Strike
1-2: Ball
2-2: Ball
3-2: Strikes out looking
Top of the 2nd over - 0 run(s), 0 hit(s), 0 error(s), 0 left on base; South Beach 0 - Gwinnett County 0
BOTTOM OF THE 2ND
Gwinnett County Black Cats batting - Pitching for South Beach Blaze : RHP Héctor Tista
Batting: SHB Raúl Rodríguez 0-0: Ball
1-0: Ball
2-0: Called Strike
2-1: Ball
3-1: Called Strike
3-2: Foul Ball, location: 2F
3-2: Foul Ball, location: 2F
3-2: Fly out, F8 (Flyball, 8LM)
Batting: RHB Matt Jeong 0-0: Fly out, F9 (Flyball, 9LS)
Batting: RHB Chang-lit Min 0-0: Called Strike
0-1: Foul Ball, location: 2F
0-2: Ball
1-2: Strikes out swinging
Bottom of the 2nd over - 0 run(s), 0 hit(s), 0 error(s), 0 left on base; South Beach 0 - Gwinnett County 0
TOP OF THE 3RD
South Beach Blaze batting - Pitching for Gwinnett County Black Cats : RHP Kyuichi Hori
Batting: LHB Raymond Graham 0-0: Ball
1-0: Called Strike
1-1: Called Strike
1-2: Ball
2-2: Strikes out swinging
Batting: RHB Greg Schiff 0-0: Fly out, F9 (Flyball, 9)
Batting: RHB Raúl Chávez 0-0: Ball
1-0: SINGLE (Line Drive, 6D)
Batting: RHB Bastiaan Trommel 0-0: Ball
1-0: Ball
2-0: Called Strike
2-1: Swinging Strike
2-2: Ball
3-2: Strikes out swinging
Top of the 3rd over - 0 run(s), 1 hit(s), 0 error(s), 1 left on base; South Beach 0 - Gwinnett County 0
BOTTOM OF THE 3RD
Gwinnett County Black Cats batting - Pitching for South Beach Blaze : RHP Héctor Tista
Batting: LHB Ramón Vega 0-0: Foul Ball, location: 2F
0-1: TRIPLE (Line Drive, 3D)
Batting: RHB Rikky van Opel 0-0: Ground out 6-3 (Groundball, 6)
Ramón Vega scores
Batting: LHB Octávio Ontiveros 0-0: Ball
1-0: Ground out U3 (Groundball, 34)
Batting: RHB Sidney Mackell 0-0: Ball
1-0: Called Strike
1-1: Ball
2-1: Ball
3-1: Base on Balls
Batting: RHB Scott McMahon 0-0: Called Strike
0-1: Ball
1-1: Ball
2-1: Fielders Choice at 2nd, 4-6 (Groundball, 34)
Bottom of the 3rd over - 1 run(s), 1 hit(s), 0 error(s), 0 left on base; South Beach 0 - Gwinnett County 1
TOP OF THE 4TH
South Beach Blaze batting - Pitching for Gwinnett County Black Cats : RHP Kyuichi Hori
Batting: RHB Martinus Xhaka 0-0: Ball
1-0: Foul Ball, location: 2F
1-1: Ball
2-1: Swinging Strike
2-2: Ball
3-2: Strikes out swinging
Batting: RHB Stanley van de Ven 0-0: Called Strike
0-1: Foul Ball, location: 2F
0-2: Ball
1-2: Strikes out swinging
Batting: RHB António Ramírez 0-0: Foul Ball, location: 2F
0-1: SOLO HOME RUN (Flyball, 78XD), Distance : 439 ft
Batting: RHB Shizuo Heiwajaima 0-0: Ball
1-0: Called Strike
1-1: Ball
2-1: Ground out 5-3 (Groundball, 5)
Top of the 4th over - 1 run(s), 1 hit(s), 0 error(s), 0 left on base; South Beach 1 - Gwinnett County 1
BOTTOM OF THE 4TH
Gwinnett County Black Cats batting - Pitching for South Beach Blaze : RHP Héctor Tista
Batting: LHB Darrell Woodmansee 0-0: Ball
1-0: Hit by Pitch
Batting: SHB Raúl Rodríguez 0-0: Ball
1-0: SINGLE (Groundball, 34D)
Darrell Woodmansee to second
Runner from 2nd tries for 3rd, SAFE, throw made to third
Batting: RHB Matt Jeong 0-0: Ball
1-0: Called Strike
1-1: Foul Ball, location: 2F
1-2: Foul Ball, location: 2F
1-2: Grounds into double play, 4-6-3 (Groundball, 4)
Darrell Woodmansee scores
Batting: RHB Chang-lit Min 0-0: Called Strike
0-1: Ball
1-1: Called Strike
1-2: Strikes out swinging
Bottom of the 4th over - 1 run(s), 1 hit(s), 0 error(s), 0 left on base; South Beach 1 - Gwinnett County 2
TOP OF THE 5TH
South Beach Blaze batting - Pitching for Gwinnett County Black Cats : RHP Kyuichi Hori
Batting: RHB Omer Yurtseven 0-0: Foul Ball, location: 2F
0-1: Foul Ball, location: 2F
0-2: SINGLE (Groundball, 2L) (infield hit)
Batting: LHB Raymond Graham 0-0: Bunted foul
0-1: Bunted foul
0-2: SINGLE (Line Drive, 8RS)
Omer Yurtseven to second
Batting: RHB Greg Schiff 0-0: Called Strike
0-1: Sac Bunt - play at third, runner OUT! 3-6
Raymond Graham to second
Batting: RHB Raúl Chávez 0-0: Ball
1-0: Foul Ball, location: 2F
1-1: Ball
2-1: SINGLE (Line Drive, 56)
Raymond Graham to third
Greg Schiff to second
Batting: RHB Bastiaan Trommel 0-0: Ball
1-0: Grounds into double play, 6-4-3 (Groundball, 6)
Top of the 5th over - 0 run(s), 3 hit(s), 0 error(s), 2 left on base; South Beach 1 - Gwinnett County 2
BOTTOM OF THE 5TH
Gwinnett County Black Cats batting - Pitching for South Beach Blaze : RHP Héctor Tista
Batting: LHB Ramón Vega 0-0: Called Strike
0-1: Ball
1-1: Called Strike
1-2: Foul Ball, location: 2F
1-2: Fly out, F9 (Line Drive, 9)
Batting: RHB Rikky van Opel 0-0: Ground out 5-3 (Groundball, 56)
Batting: LHB Octávio Ontiveros 0-0: Called Strike
0-1: Foul Ball, location: 2F
0-2: Ball
1-2: Foul Ball, location: 2F
1-2: Ball
2-2: Foul Ball, location: 2F
2-2: Ball
3-2: Fly out, F5 (Popup, 5L)
Bottom of the 5th over - 0 run(s), 0 hit(s), 0 error(s), 0 left on base; South Beach 1 - Gwinnett County 2
TOP OF THE 6TH
South Beach Blaze batting - Pitching for Gwinnett County Black Cats : RHP Kyuichi Hori
Batting: RHB Martinus Xhaka 0-0: Hit by Pitch
Batting: RHB Stanley van de Ven 0-0: Called Strike
0-1: Called Strike
0-2: Ball
1-2: Ball
2-2: Strikes out swinging
Batting: RHB António Ramírez 0-0: Ball
1-0: Swinging Strike
1-1: Ground out 5-3 (Groundball, 56S)
Martinus Xhaka to second
Batting: RHB Shizuo Heiwajaima 0-0: Called Strike
0-1: Foul Ball, location: 2F
0-2: Strikes out swinging
Top of the 6th over - 0 run(s), 0 hit(s), 0 error(s), 1 left on base; South Beach 1 - Gwinnett County 2
BOTTOM OF THE 6TH
Gwinnett County Black Cats batting - Pitching for South Beach Blaze : RHP Héctor Tista
Batting: RHB Sidney Mackell 0-0: Ball
1-0: Called Strike
1-1: Ball
2-1: Ball
3-1: Base on Balls
Batting: RHB Scott McMahon 0-0: Called Strike
Sidney Mackell is caught stealing 2nd base
0-1: Ball
1-1: Ground out 5-3 (Groundball, 5)
Batting: LHB Darrell Woodmansee 0-0: Ball
1-0: Ball
2-0: Swinging Strike
2-1: Swinging Strike
2-2: Strikes out swinging
Bottom of the 6th over - 0 run(s), 0 hit(s), 0 error(s), 0 left on base; South Beach 1 - Gwinnett County 2
TOP OF THE 7TH
South Beach Blaze batting - Pitching for Gwinnett County Black Cats : RHP Kyuichi Hori
Batting: RHB Omer Yurtseven 0-0: Swinging Strike
0-1: Ground out 6-3 (Groundball, 6M)
Batting: LHB Raymond Graham 0-0: Ground out U3 (Groundball, 3)
Batting: RHB Greg Schiff 0-0: Ball
1-0: Swinging Strike
1-1: Fly out, F9 (Flyball, 89M)
Top of the 7th over - 0 run(s), 0 hit(s), 0 error(s), 0 left on base; South Beach 1 - Gwinnett County 2
BOTTOM OF THE 7TH
Gwinnett County Black Cats batting - Pitching for South Beach Blaze : RHP Héctor Tista
Batting: SHB Raúl Rodríguez 0-0: Swinging Strike
0-1: Foul Ball, location: 2F
0-2: Foul Ball, location: 2F
0-2: Ball
1-2: Ball
2-2: Foul Ball, location: 2F
2-2: Foul Ball, location: 2F
2-2: Strikes out swinging
Batting: RHB Matt Jeong 0-0: Ball
1-0: Ground out 5-3 (Groundball, 56)
Batting: RHB Chang-lit Min 0-0: Called Strike
0-1: Ball
1-1: Ball
2-1: Ground out 5-3 (Groundball, 56)
Bottom of the 7th over - 0 run(s), 0 hit(s), 0 error(s), 0 left on base; South Beach 1 - Gwinnett County 2
TOP OF THE 8TH
South Beach Blaze batting - Pitching for Gwinnett County Black Cats : RHP Kyuichi Hori
Batting: RHB Raúl Chávez 0-0: Called Strike
0-1: Foul Ball, location: 2F
0-2: Ball
1-2: Fly out, F3 (Popup, 3L)
Batting: RHB Bastiaan Trommel 0-0: Called Strike
0-1: Ball
1-1: Ground out 3-1 (Groundball, 34S)
Batting: RHB Martinus Xhaka 0-0: SINGLE (Groundball, 34) (infield hit)
Pinch Hitting: LHB Jim Unknown 0-0: Called Strike
0-1: Ball
1-1: SINGLE (Flyball, 89S)
Martinus Xhaka to second
Runner from 2nd tries for 3rd, SAFE, throw made to third
Batting: RHB António Ramírez 0-0: Ball
1-0: DOUBLE (Line Drive, 7LM)
Martinus Xhaka scores
Jim Unknown to third
Runner from 3rd tries for Home, SAFE, no throw
Batting: RHB Shizuo Heiwajaima 0-0: SINGLE (Flyball, 9LS)
António Ramírez to third
Runner from 3rd tries for Home, SAFE, no throw
Batting: RHB Omer Yurtseven 0-0: Ball
1-0: Ball
Shizuo Heiwajaima is caught stealing 2nd base
Top of the 8th over - 3 run(s), 4 hit(s), 0 error(s), 0 left on base; South Beach 4 - Gwinnett County 2
BOTTOM OF THE 8TH
Gwinnett County Black Cats batting - Pitching for South Beach Blaze : RHP Héctor Tista
Now at 2B: Jim Unknown
Batting: LHB Ramón Vega 0-0: Called Strike
0-1: Ball
1-1: Ball
2-1: Foul Ball, location: 2F
2-2: Foul Ball, location: 2F
2-2: Ball
3-2: Ground out 6-3 (Groundball, 6M)
Pitching: RHP José Sauls
Batting: RHB Rikky van Opel 0-0: Ball
1-0: Ground out 6-3 (Groundball, 6)
Batting: LHB Octávio Ontiveros 0-0: Foul Ball, location: 2F
0-1: Ball
1-1: Swinging Strike
1-2: Foul Ball, location: 2F
1-2: Strikes out swinging
Bottom of the 8th over - 0 run(s), 0 hit(s), 0 error(s), 0 left on base; South Beach 4 - Gwinnett County 2
TOP OF THE 9TH
South Beach Blaze batting - Pitching for Gwinnett County Black Cats : RHP Kyuichi Hori
Batting: RHB Omer Yurtseven 0-0: Fly out, F5 (Line Drive, 5)
Batting: LHB Raymond Graham 0-0: Ground out U3 (Groundball, 34)
Batting: RHB Greg Schiff 0-0: Foul Ball, location: 2F
0-1: Called Strike
0-2: Strikes out swinging
Top of the 9th over - 0 run(s), 0 hit(s), 0 error(s), 0 left on base; South Beach 4 - Gwinnett County 2
BOTTOM OF THE 9TH
Gwinnett County Black Cats batting - Pitching for South Beach Blaze : RHP José Sauls
Pitching: LHP Shun'ichi Tanaka
Batting: RHB Sidney Mackell 0-0: Ball
1-0: Called Strike
1-1: Ball
2-1: Foul Ball, location: 2F
2-2: Strikes out swinging
Batting: RHB Scott McMahon 0-0: Ground out U3 (Groundball, 34)
Batting: LHB Darrell Woodmansee 0-0: Swinging Strike
0-1: Ball
1-1: Fly out, F7 (Flyball, 78M)
Bottom of the 9th over - 0 run(s), 0 hit(s), 0 error(s), 0 left on base; South Beach 4 - Gwinnett County 2
Saturday, May 26th, 2018 - OOTP Baseball 17.12 Build 75